Map: Neon Violet Square LE

Players

JohnSnow - Winner!

  • Race: Terran Terran
  • League: Gold
  • Spawn Location: 5:00

A.I. 1 (Harder)

  • Race: Zerg Zerg
  • Spawn Location: 11:00

VOD

Have the link to the VOD?

Description

Time

  • Played on: Jan. 16, 2018, 3:20 p.m.
  • Length: 21:00
Show
View Real Time Build Order
Export as new Build Order

JohnSnow Terran - Winner!

Build Orders:  

Get SALT Encoding   

  12  0:01  SCV  
  13  0:13  SCV  
  14  0:20  Supply Depot  
  14  0:25  SCV  
  15  0:37  Refinery  
  15  0:42  SCV  
  16  0:48  Barracks  
  16  1:06  SCV  
  17  1:18  SCV  
  18  1:30  SCV  
  19  1:46  Command Center, Orbital Command  
  19  1:59  Factory  
  19  2:07  Barracks Reactor  
  19  2:14  Refinery, SCV  
  20  2:26  SCV  
  21  2:38  SCV  
  22  2:50  Reaper  
  23  2:58  Reaper  
  24  3:02  Starport  
  24  3:11  Orbital Command, Supply Depot  
  24  3:12  SCV  
  25  3:24  SCV  
  26  3:39  Supply Depot  
  26  4:00  Barracks  
  26  4:02  Bunker  
  26  4:09  Hellion  
  28  4:30  Hellion  
  30  4:39  Marine x2  
  32  4:46  SCV  
  33  4:57  Marine x2  
  33  4:58  SCV  
  36  5:04  Hellion  
  38  5:10  SCV  
  38  5:13  Barracks Tech Lab  
  39  5:22  SCV  
  40  5:30  Starport Tech Lab  
  40  5:34  SCV x2  
  42  5:38  Supply Depot  
  42  5:46  SCV  
  42  5:47  SCV  
  44  6:01  Supply Depot  
  44  6:10  Supply Depot  
  44  6:11  SCV x2  
  44  6:12  Refinery  
  46  6:23  SCV x2  
  48  6:32  Marine  
  49  6:35  SCV  
  49  6:36  Banshee  
  53  6:50  Marine  
  54  6:54  Factory Reactor  
  54  7:02  Factory  
  54  7:04  SCV  
  54  7:05  SCV  
  54  7:07  Marine  
  57  7:16  Command Center, SCV  
  57  7:17  SCV  
  57  7:19  Banshee  
  62  7:25  Marine  
  62  7:29  Engineering Bay  
  63  7:39  Armory  
  63  7:45  Hellion x2  
  67  7:51  Factory Tech Lab  
  67  7:58  Supply Depot  
  67  8:02  Banshee  
  70  8:06  Hellion  
  70  8:07  Hellion, Missile Turret  
  70  8:09  Missile Turret  
  74  8:16  Infernal Pre-Igniter  
  74  8:20  Supply Depot  
  74  8:23  Hellion  
  76  8:28  Hellion x2  
  80  8:39  Orbital Command  
  80  8:43  SCV x2, Supply Depot  
  80  8:44  Cyclone  
  85  8:49  Hellion x2  
  85  8:55  SCV x2  
  91  9:00  Marine x3  
  94  9:07  SCV, Missile Turret  
  95  9:11  Hellion x2  
  95  9:16  Cyclone  
  102  9:18  Marine x3  
  105  9:24  SCV x3  
  105  9:30  Refinery  
  108  9:32  Hellion x2  
  108  9:35  Refinery  
  108  9:36  SCV x2, Marine x3  
  117  9:39  Terran Vehicle Weapons Level 1  
  117  9:43  Terran Infantry Weapons Level 1  
  116  9:45  SCV  
  114  9:53  Stimpack  
  114  10:15  Supply Depot  
  114  10:17  Supply Depot  
  114  10:29  Supply Depot  
  114  10:34  Bunker  
  114  10:39  SCV x2, Marine  
  114  10:40  Missile Turret  
  117  10:50  Marine x2  
  117  10:51  Hellion x2, Medivac  
  117  10:57  Supply Depot  
  125  10:59  Supply Depot  
  125  11:18  Hellion, SCV, Marauder, Marine  
  130  11:19  Hellion  
  130  11:21  Hellion, SCV, Medivac  
  138  11:33  SCV, Terran Vehicle And Ship Armor Level 1  
  138  11:37  Terran Infantry Armor Level 1  
  141  11:40  Hellion  
  140  11:47  Hellion  
  140  11:48  Hellion  
  119  11:59  Marine  
  119  12:00  Marine x2  
  102  12:01  Hellion  
  102  12:08  Hellion  
  90  12:09  Hellion  
  92  12:17  Marine x2  
  92  12:18  Marine  
  97  12:23  Hellion  
  97  12:29  Hellion  
  99  12:31  Hellion  
  99  12:32  Factory  
  99  12:35  Marine x2  
  99  12:36  Marine  
  106  12:44  Hellion  
  106  12:51  Hellion  
  108  12:52  Hellion  
  108  12:53  Marine  
  111  13:05  Thor  
  117  13:06  Marine x2  
  117  13:09  Command Center  
  117  13:11  Marine  
  117  13:12  Hellion  
  122  13:13  Hellion  
  121  13:24  Marine x2  
  117  13:27  Terran Vehicle Weapons Level 2  
  117  13:29  Marine  
  117  13:34  Hellion  
  117  13:35  Hellion  
  117  13:42  Marine x2  
  117  13:46  Marine  
  117  13:48  Thor  
  126  13:49  Factory Reactor  
  126  13:57  Barracks  
  126  14:00  Marine x2  
  128  14:04  Marine  
  129  14:17  Marine  
  130  14:35  Missile Turret  
  130  14:38  Supply Depot  
  130  14:48  Supply Depot  
  130  14:49  Supply Depot  
  130  14:50  Marine x2  
  130  14:51  Marine  
  133  14:53  Hellion x4  
  133  14:54  Missile Turret  
  141  15:00  Hellion, Medivac  
  145  15:08  Marine x3  
  148  15:14  Hellion  
  148  15:15  Hellion x3  
  156  15:22  Hellion  
  156  15:28  Missile Turret  
  158  15:30  Medivac  
  160  15:36  Hellion x4  
  168  15:43  SCV x2, Hellion  
  168  15:44  SCV  
  168  15:46  Missile Turret  
  173  15:52  Marine x2  
  173  15:53  Marine  
  173  15:55  SCV x2  
  173  15:56  SCV  
  179  16:04  Hellion x5  
  185  16:05  Missile Turret  
  185  16:06  Medivac  
  185  16:10  Marine x3  
  194  16:25  Hellion x3  
  196  16:36  Medivac  
  192  16:46  Hellion, Marine x3  
  199  16:47  Hellion  
  198  17:03  Marine  
  198  17:04  Marine  
  200  17:21  Marine x2  
  196  17:25  Marine  
  196  17:28  Hellion x5  
  195  17:30  Medivac  
  192  17:39  Marine x2  
  188  17:45  Marine  
  188  17:49  Hellion x2  
  188  17:50  Hellion x3  
  195  17:57  Marine x2  
  195  18:00  Medivac  
  195  18:03  Marine  
  194  18:11  Hellion x5  
  197  18:15  Marine x2  
  191  18:21  Marine  
  184  18:30  Medivac  
  184  18:32  Terran Infantry Weapons Level 2, Marine  
  184  18:33  Marine  
  171  18:39  Marine  
  159  18:50  Marine x2  
  159  18:57  Marine  
  159  19:00  Medivac  
  160  19:08  Marine x2  
  158  19:14  Marine  
  157  19:29  Marine x2  
  157  19:30  Medivac  
  163  19:31  Hellion x2  
  163  19:32  Marine, Hellion x3  
  168  19:46  Marine  
  168  19:47  Marine  
  168  19:50  Marine  
  172  19:53  Hellbat, Hellion x4  
  180  20:00  Medivac  
  180  20:04  Marine x2  
  185  20:14  Hellion x3  
  185  20:15  Hellion  
  189  20:26  Marine x2  
  187  20:29  Marine, Hellion  
  187  20:30  Medivac  
  189  20:35  Hellion  
  189  20:36  Hellion x3  
Show
View Real Time Build Order
Export as new Build Order

A.I. 1 (Harder) Zerg 

Build Orders: Hatch First, Muta Ling Bane 

Get SALT Encoding   

  12  0:00  Drone  
  13  0:13  Overlord  
  13  0:18  Drone  
  14  0:31  Drone x2  
  14  0:34  Drone  
  17  0:53  Hatchery  
  17  0:56  Drone  
  17  1:12  Spawning Pool  
  17  1:14  Drone  
  17  1:17  Drone  
  18  1:20  Extractor  
  18  1:23  Drone  
  18  1:30  Overlord  
  18  1:39  Drone  
  19  2:00  Zergling x4  
  21  2:01  Queen  
  21  2:03  Roach Warren  
  21  2:05  Drone  
  21  2:07  Extractor  
  22  2:13  Drone  
  23  2:25  Lair  
  23  2:52  Extractor  
  23  2:54  Extractor  
  23  2:56  Drone  
  22  3:00  Drone  
  22  3:04  Drone  
  24  3:08  Zergling x2  
  25  3:27  Hydralisk Den, Drone  
  24  3:33  Drone  
  26  3:37  Drone, Overlord  
  27  3:48  Drone  
  28  3:49  Drone  
  28  3:53  Baneling Nest  
  28  3:56  Hydralisk  
  28  3:58  Lurker Den  
  28  4:00  Drone  
  30  4:03  Drone  
  30  4:08  Drone  
  30  4:09  Drone  
  33  4:14  Drone  
  33  4:16  Drone  
  35  4:20  Drone  
  36  4:29  Spire  
  35  4:37  Drone, Overlord  
  35  4:38  Baneling  
  36  4:42  Zergling x2  
  37  4:51  Drone  
  38  4:53  Zergling x2  
  38  4:59  Zergling x2  
  40  5:05  Zergling x2  
  41  5:11  Baneling x2  
  41  5:15  Overlord  
  41  5:19  Zergling x2  
  42  5:27  Drone  
  43  5:30  Drone  
  43  5:33  Drone  
  45  5:36  Drone  
  45  5:42  Mutalisk, Overlord  
  46  5:45  Drone  
  46  5:48  Drone, Mutalisk  
  52  5:51  Drone  
  52  5:53  Drone  
  52  5:54  Mutalisk  
  56  5:57  Drone  
  56  5:59  Drone  
  58  6:04  Metabolic Boost  
  58  6:08  Drone  
  58  6:09  Overlord  
  59  6:18  Mutalisk  
  59  6:19  Drone, Evolution Chamber  
  59  6:21  Drone  
  59  6:23  Drone  
  59  6:25  Drone  
  64  6:29  Drone  
  64  6:32  Drone  
  66  6:40  Drone  
  66  6:43  Drone  
  66  6:44  Zerg Ground Armor Level 1  
  68  6:50  Drone x2, Overlord  
  68  6:51  Drone  
  71  6:55  Drone  
  71  6:58  Burrow  
  72  7:01  Zergling x2  
  72  7:07  Zergling x2  
  74  7:13  Zergling x2  
  75  7:16  Overlord  
  75  7:18  Centrifical Hooks  
  75  7:19  Baneling x3  
  75  7:22  Zergling x2  
  76  7:28  Zergling x2  
  77  7:33  Zergling x2  
  78  7:39  Zergling x2  
  78  7:41  Infestation Pit  
  78  7:42  Overlord  
  78  7:44  Overseer, Mutalisk  
  78  7:47  Spore Crawler  
  78  7:49  Overseer  
  78  7:50  Mutalisk  
  81  7:52  Drone  
  81  7:56  Spore Crawler, Mutalisk  
  81  7:57  Drone  
  84  8:00  Spore Crawler  
  84  8:01  Mutalisk, Overlord  
  85  8:05  Drone  
  85  8:06  Spore Crawler  
  85  8:08  Zergling x2  
  85  8:11  Queen  
  85  8:12  Drone  
  89  8:15  Queen  
  91  8:21  Spine Crawler, Drone  
  91  8:25  Spine Crawler, Drone  
  91  8:29  Evolution Chamber  
  91  8:30  Drone  
  91  8:34  Spine Crawler  
  91  8:37  Spine Crawler  
  91  8:39  Zerg Melee Weapons Level 1  
  89  8:52  Hive  
  89  8:55  Zerg Missile Weapons Level 1  
  89  9:03  Overlord  
  89  9:04  Roach  
  89  9:05  Pneumatized Carapace  
  89  9:07  Roach  
  93  9:11  Roach, Hatchery  
  93  9:14  Roach  
  96  9:18  Roach  
  96  9:21  Overseer  
  96  9:22  Overlord, Roach  
  100  9:24  Hydralisk  
  100  9:28  Hydralisk  
  104  9:32  Swarm Host  
  107  9:40  Roach, Overlord  
  107  9:44  Roach  
  92  9:48  Roach  
  92  9:51  Overseer, Roach  
  91  9:55  Roach  
  91  9:58  Roach  
  95  10:02  Hydralisk  
  95  10:06  Zergling x2  
  98  10:09  Hydralisk  
  98  10:12  Hydralisk  
  102  10:16  Hydralisk  
  102  10:19  Glial Reconstitution  
  102  10:20  Swarm Host  
  107  10:24  Zerg Flyer Weapons Level 1  
  107  10:25  Drone  
  107  10:27  Drone  
  109  10:29  Drone  
  109  10:31  Drone  
  109  10:32  Zerg Ground Armor Level 2  
  109  10:33  Drone  
  109  10:35  Drone  
  113  10:37  Drone  
  113  10:38  Drone  
  113  10:41  Overlord  
  115  10:43  Drone  
  115  10:45  Drone  
  115  10:46  Drone  
  115  10:48  Drone, Zerg Melee Weapons Level 2  
  119  10:56  Spore Crawler  
  118  10:58  Drone  
  118  11:01  Spore Crawler, Drone  
  118  11:04  Queen  
  121  11:12  Ultralisk Cavern  
  121  11:13  Drone  
  121  11:26  Spine Crawler  
  121  11:27  Drone  
  121  11:28  Spine Crawler  
  121  11:29  Drone  
  121  11:37  Extractor  
  121  11:38  Drone  
  121  11:43  Drone  
  121  11:47  Zergling x2  
  121  11:48  Drone x3  
  121  11:51  Roach, Overlord, Extractor  
  121  11:52  Drone  
  121  11:53  Drone  
  107  11:54  Drone x5, Hydralisk  
  107  11:58  Hydralisk  
  107  11:59  Drone  
  100  12:02  Roach  
  100  12:05  Hydralisk  
  103  12:08  Drone  
  103  12:09  Hatchery  
  103  12:10  Roach  
  103  12:13  Drone, Hydralisk  
  107  12:16  Hydralisk  
  107  12:18  Zerg Flyer Armor Level 1  
  107  12:20  Hydralisk  
  111  12:31  Corruptor  
  113  12:42  Overlord  
  113  12:44  Hatchery  
  112  12:48  Zerg Missile Weapons Level 2  
  112  13:14  Zergling x2  
  112  13:18  Infestor  
  102  13:31  Roach  
  90  13:36  Roach  
  90  13:41  Overseer, Roach  
  89  13:57  Infestor  
  91  14:03  Drone  
  91  14:08  Infestor, Overlord  
  94  14:13  Greater Spire  
  94  14:19  Extractor  
  94  14:20  Viper, Drone  
  94  14:21  Extractor  
  94  14:23  Drone  
  97  14:29  Pathogen Glands  
  97  14:42  Overseer, Overlord  
  97  14:47  Zerg Melee Weapons Level 3  
  97  14:59  Spore Crawler  
  96  15:00  Drone  
  96  15:01  Spore Crawler  
  96  15:02  Drone  
  96  15:04  Zerg Ground Armor Level 3  
  97  15:07  Spore Crawler  
  97  15:08  Drone  
  97  15:09  Spore Crawler  
  97  15:10  Drone  
  97  15:15  Queen  
  99  15:24  Zerg Flyer Weapons Level 2  
  99  15:26  Brood Lord, Overlord, Corruptor  
  99  15:27  Spine Crawler  
  102  15:29  Drone  
  103  15:40  Spine Crawler  
  103  15:41  Drone  
  103  15:45  Spine Crawler  
  103  15:46  Drone  
  103  15:49  Spine Crawler  
  102  15:56  Drone  
  103  16:00  Overlord  
  103  16:02  Lair  
  103  16:24  Roach  
  105  16:26  Overlord  
  105  16:28  Roach  
  105  16:30  Overseer  
  105  16:31  Roach  
  104  16:35  Zergling x2  
  104  16:38  Hydralisk  
  82  16:41  Hydralisk  
  82  16:44  Overlord  
  82  16:45  Hydralisk  
  86  16:49  Roach  
  86  16:53  Roach  
  90  16:57  Roach, Ravager  
  90  17:00  Infestor  
  95  17:02  Tunneling Claws  
  95  17:04  Overlord, Hydralisk  
  95  17:07  Hydralisk  
  99  17:11  Hydralisk  
  99  17:13  Queen  
  99  17:15  Infestor  
  103  17:18  Infestor  
  103  17:19  Spire  
  103  17:21  Drone  
  103  17:22  Queen  
  105  17:23  Roach  
  105  17:24  Zerg Missile Weapons Level 3  
  105  17:25  Drone  
  105  17:26  Drone x2  
  105  17:27  Zergling x2  
  105  17:29  Drone  
  100  17:30  Roach  
  100  17:34  Roach  
  100  17:35  Spine Crawler, Roach  
  82  17:38  Roach  
  82  17:41  Spine Crawler, Roach, Infestor  
  72  17:45  Roach  
  72  17:48  Hydralisk  
  75  17:52  Hydralisk  
  75  17:56  Zergling x2  
  72  17:59  Hydralisk  
  72  18:04  Roach  
  72  18:07  Roach  
  72  18:11  Roach  
  72  18:14  Hydralisk  
  72  18:18  Overseer  
  72  18:19  Roach  
  61  18:22  Roach  
  61  18:23  Roach  
  61  18:26  Zergling x2  
  58  18:28  Overseer  
  58  18:29  Hydralisk  
  58  18:33  Hydralisk  
  59  18:36  Hydralisk  
  59  18:37  Queen  
  59  18:40  Hive  
  52  18:45  Roach  
  44  18:49  Zergling x2  
  44  18:52  Roach  
  44  18:56  Roach  
  44  18:57  Overseer  
  44  18:59  Infestor, Drone  
  44  19:01  Hatchery  
  47  19:05  Hydralisk  
  43  19:12  Hydralisk  
  43  19:14  Hatchery  
  39  19:19  Roach  
  39  19:21  Overlord  
  35  19:36  Queen  
  35  19:37  Zergling x4  
  33  19:40  Zergling x2, Roach  
  36  19:48  Overlord  
  36  19:50  Hydralisk Den  
  24  20:41  Hatchery  
  20  20:54  Hatchery  
Tags
 
Composition
Muta Ling Bane
League
Gold
Matchup
TvZ
Spawn Locations
Cross Positions
Add a new tag
Caveats
  • Supply blocks, unpowered buildings, or Contaminate may cause inaccurate times.
  • Supply counts are checked every 10 seconds.